 Dungeon Crawl Stone Soup version 0.28-a0-1524-ge72afd5fc6 (webtiles) character file.

Game seed: 13940700069580854125

816 HallandMoats the Skirmisher (level 7, 0/63 HPs)
             Began as a Ghoul Fighter on Jan 17, 2022.
             Was an Initiate of Gozag.
             Slain by Joseph (14 damage)
             ... on level 7 of the Dungeon.
             The game lasted 00:07:18 (5690 turns).

HallandMoats the Skirmisher (Ghoul Fighter)         Turns: 5690, Time: 00:07:20

Health: 0/63       AC:  7    Str: 20    XL:     7   Next: 94%
Magic:  6/6        EV: 10    Int:  5    God:    Gozag
Gold:   422        SH:  4    Dex:  8    Spells: 6/6 levels left

rFire   + . .      SeeInvis .   a - +0 rapier
rCold   + + .      Faith    .   c - +0 buckler
rNeg    + + +      Spirit   .   b - +0 scale mail
rPois   ∞          Reflect  .   (no helmet)
rElec   .          Harm     .   t - scarf {rC+ rF+}
rCorr   .          Rampage  .   (no gloves)
Will    .....                   (no boots)
Stlth   ..........              (no amulet)
HPRegen 0.00/turn               (no ring)
MPRegen 0.10/turn               (no ring)

@: mighty, inhibited regen
A: claws 1, cold resistance 1, negative energy resistance 3, inhibited
regeneration, torment resistance 2
a: Renounce Religion, Potion Petition, Call Merchant, Bribe Branch


You were on level 7 of the Dungeon.
You worshipped Gozag.
Gozag was aware of your devotion.
You visited 1 branch of the dungeon, and saw 7 of its levels.

You collected 590 gold pieces.
You paid 168 gold pieces to Gozag.

Inventory:

Hand Weapons
 a - a +0 rapier (weapon)
Armour
 b - a +0 scale mail (worn)
 c - a +0 buckler (worn)
 t - a scarf of resistance (worn)
Wands
 s - a wand of polymorph (13)
Scrolls
 f - a scroll of silence
 k - 2 scrolls of immolation
 m - a scroll of vulnerability {unknown}
 n - a scroll of blinking {unknown}
 o - a scroll of noise {unknown}
 q - a scroll of teleportation
Potions
 e - 2 potions of flight {unknown}
 g - 3 potions of curing
 h - a potion of heal wounds {unknown}
 i - 2 potions of magic {unknown}
 p - a potion of ambrosia {unknown}
 r - a potion of might


   Skills:
 * Level 6.0 Fighting
 * Level 4.4 Short Blades
 + Level 4.0 Armour
 + Level 2.6 Dodging
 + Level 4.0 Shields


You had 6 spell levels left.
You didn't know any spells.
Your spell library contained the following spells:

 Spells                   Type           Power      Damage    Failure   Level
 Gell's Gravitas          Tloc           0%         N/A       99%         3
 Teleport Other           Tloc           0%         N/A       99%         3
 Dispersal                Tloc           0%         N/A       100%        6


Dungeon Overview and Level Annotations

Branches:
Dungeon (7/15)             Temple (0/1) D:5

Altars:
Gozag

Annotations:
D:4 1 runed translucent door, shadowrider38's ghost, amateur KoBr
D:7 Joseph


Innate Abilities, Weirdness & Mutations

You thrive by killing the living.
You are immune to poison.
You have sharp fingernails.
Your flesh is cold resistant. (rC+)
You are immune to negative energy. (rN+++)
You do not regenerate when monsters are visible.
You are immune to unholy pain and torment.


Message History

a +0 club; a +0 chain mail You now have 590 gold pieces (gained 5).
You start resting.
HP restored.
Joseph, a Mercenary comes into view.
He is wielding a +0 quarterstaff.
Joseph shouts!
Joseph unwields a +0 quarterstaff.
Joseph wields a +0 hunting sling.
Joseph shoots a sling bullet.
The sling bullet hits you!
Joseph shoots a sling bullet.
The sling bullet hits you!!
You feel very mighty all of a sudden.
Joseph unwields a +0 hunting sling.
Joseph wields a +0 quarterstaff.
Joseph hits you with a +0 quarterstaff!
You closely miss Joseph. You puncture Joseph!
Joseph is lightly wounded.
You block Joseph's attack.
You puncture Joseph!
Joseph is moderately wounded.
Joseph hits you with a +0 quarterstaff!
* * * LOW HITPOINT WARNING * * *
You puncture Joseph!
Joseph is heavily wounded.
Joseph says, "You will never get the ORB, sorry."
Joseph drinks a potion.
Joseph is healed! [a] - 276 gold - invisibility and might [b] - 696 gold - invisibility, might, brilliance and magic [c] - 168 gold - heal wounds and curing Purchase which effect?
You feel much better.
You feel better. Joseph hits you with a +0 quarterstaff!
You puncture Joseph!
Joseph is heavily wounded.
Joseph says, "I'm here to kill trespassers.
I like my job."
You block Joseph's attack.
You puncture Joseph!
Joseph is severely wounded.
Joseph hits you with a +0 quarterstaff!
* * * LOW HITPOINT WARNING * * *
Joseph hits you with a +0 quarterstaff!
You die...
Your body crumbles into a pile of gold.

##### #...#
###...###
####.......#
..........#
#..@....#
#@..#
###...##
#......#
#.##.#.#
##.##.#.#
#..)..# #
#..#### #..#
#...


You could see Joseph.

Vanquished Creatures
  An ogre (D:5)
  2 necrophages (D:5)
  A bullfrog (D:5)
  2 scorpions
  A howler monkey (D:6)
  A bullfrog skeleton (D:5)
  A jelly (D:5)
  An orc priest (D:4)
  An iguana (D:7)
  An orc wizard (D:4)
  A howler monkey skeleton (D:5)
  7 adders
  3 gnolls (D:3)
  An ufetubus (D:5)
  2 adder zombies (D:5)
  An adder skeleton (D:4)
  A worm (D:2)
  4 dart slugs
  7 orcs
  4 endoplasms
  A giant cockroach (D:1)
  4 goblins
  7 hobgoblins
  2 jackals (D:5)
  5 quokkas
  11 ball pythons
  2 bats (D:1)
  A frilled lizard (D:2)
  6 kobolds
  7 rats
89 creatures vanquished.

Notes
Turn   | Place    | Note
-------+----------+-------------------------------------------
     0 | D:1      | HallandMoats the Ghoul Fighter began the quest for the Orb.
     0 | D:1      | Reached XP level 1. HP: 19/19 MP: 0/0
    31 | D:1      | You fall into a shaft and drop 1 floor!
    42 | D:2      | Reached XP level 2. HP: 24/26 MP: 1/1
   501 | D:1      | Reached XP level 3. HP: 31/31 MP: 2/2
   887 | D:2      | Found a faded altar of an unknown god.
   966 | D:2      | Noticed a scorpion
   978 | D:2      | Killed a scorpion
   979 | D:2      | Reached skill level 4 in Fighting
   979 | D:2      | Reached skill level 1 in Dodging
   979 | D:2      | Reached XP level 4. HP: 12/40 MP: 3/3
  1288 | D:2      | Prayed at the altar of an unknown god.
  1288 | D:2      | Became a worshipper of Gozag Ym Sagoz the Greedy
  1433 | D:3      | Reached XP level 5. HP: 46/46 MP: 4/4
  2971 | D:4      | Found a runed translucent door.
  3663 | D:4      | Noticed shadowrider38's ghost (amateur KoBr)
  3684 | D:5      | Entered Level 5 of the Dungeon
  3714 | D:5      | Noticed a necrophage
  3728 | D:5      | Killed a necrophage
  3729 | D:5      | Reached XP level 6. HP: 43/55 MP: 5/5
  3738 | D:5      | Reached skill level 5 in Fighting
  3978 | D:5      | Reached XP level 7. HP: 30/61 MP: 6/6
  4283 | D:5      | Found a staircase to the Ecumenical Temple.
  5387 | D:6      | Noticed a komodo dragon
  5487 | D:7      | Reached skill level 6 in Fighting
  5680 | D:7      | Noticed Joseph
  5690 | D:7      | Slain by Joseph

Illustrated notes

Levels and vault maps discovered:
D:1:      wander_arrival_lonely_grave, layout_loops_ring, minmay_hexomino_u4
D:2:      wad_pebble_path, layout_rooms, ebering_ecumenical_altar_hall,
          minmay_misc_feat_nine_boxes
D:3:      layout_rooms
D:4:      layout_gridville, ebering_ghost_reflecting_pool,
          nicolae_elevator_lobby_asterisk
D:5:      layout_cave_pools, minmay_temple_entry_waves
D:6:      cheibrodos_fzero, layout_rooms, enter_ossuary_5
D:7:      layout_loops_cross, gammafunk_ghost_smash, uniq_joseph

Skill      XL: |  1  2  3  4  5  6  7 |
---------------+----------------------+-----
Short Blades   | 2 3 4 |  4.4
Fighting       | 4 5 6 |  6.0
Armour         | 3 4 |  4.0
Dodging        | 1 2 |  2.6
Shields        | 3 4 |  4.0

Action                   |  1- 3 |  4- 6 |  7- 9 || total
-------------------------+-------+-------+-------++-------
Melee: Rapier            |   106 |   179 |   109 ||   394
Invok: Potion Petition   |       |       |     1 ||     1
  Use: Potion            |     1 |     1 |     1 ||     3
       Scroll            |       |       |     5 ||     5
 Stab: Distracted        |       |       |     1 ||     1
Armor: Scale mail        |    55 |    49 |    59 ||   163
Dodge: Dodged            |    54 |    79 |    81 ||   214
Block: Buckler           |    23 |    35 |    23 ||    81

Table legend: (Time is in decaauts)
 A = Elapsed time spent in this place.
 B = Non-inter-level travel time spent in this place.
 C = Inter-level travel time spent in this place.
 D = Time resting spent in this place.
 E = Time spent auto-exploring this place.
 F = Levels seen in this place.
 G = Mean time per level.
                   A        B        C        D        E       F      G
               +--------+--------+--------+--------+--------+-----+--------+
         Total |   5731 |   5485 |    246 |   1642 |   2901 |   7 |  818.7 |
       Dungeon |   5731 |   5485 |    246 |   1642 |   2901 |   7 |  818.7 |
               +--------+--------+--------+--------+--------+-----+--------+

Top non-repeatable levels by time:
     D:4: 1662 daAuts
     D:5: 1176 daAuts
     D:2: 1134 daAuts
     D:3: 824 daAuts
     D:1: 651 daAuts
     D:7: 210 daAuts
     D:6: 70 daAuts
